Map: Ruins of Seras

Players

Glaukopis - Winner!

  • Race: Protoss Protoss

Nero

  • Race: Protoss Protoss

VOD

Have the link to the VOD?

Description

Time

  • Played on: Jan. 26, 2016, 11:20 a.m.
  • Length: 16:30
Show
View Real Time Build Order
Export as new Build Order

Glaukopis Protoss - Winner!

Build Orders:  

Get SALT Encoding   

  12  0:01  Probe (Chrono Boost)  
  13  0:11  Probe (Chrono Boost)  
  14  0:24  Pylon  
  14  0:25  Probe (Chrono Boost)  
  15  0:42  Probe (Chrono Boost)  
  16  0:48  Gateway  
  16  0:50  Pylon  
  16  0:52  Probe (Chrono Boost)  
  17  1:05  Probe (Chrono Boost)  
  18  1:12  Forge  
  18  1:16  Probe (Chrono Boost)  
  19  1:26  Probe (Chrono Boost)  
  19  1:30  Assimilator  
  20  1:33  Pylon  
  20  1:37  Probe (Chrono Boost)  
  21  1:41  Zealot  
  23  1:47  Probe (Chrono Boost)  
  23  1:52  Photon Cannon  
  24  2:03  Cybernetics Core  
  24  2:06  Probe (Chrono Boost)  
  25  2:09  Assimilator  
  25  2:17  Probe (Chrono Boost)  
  26  2:27  Probe (Chrono Boost)  
  27  2:58  Photon Cannon  
  27  3:08  Robotics Facility  
  27  3:21  Nexus, Mothership Core (Chrono Boost)  
  29  3:28  Photon Cannon  
  29  3:32  Stalker (Chrono Boost)  
  31  3:40  Pylon, Probe  
  32  3:42  Gateway  
  32  3:52  Probe  
  33  4:01  Gateway, Warp Gate (Chrono Boost)  
  33  4:04  Observer, Probe  
  35  4:10  Pylon  
  35  4:15  Assimilator  
  35  4:17  Probe  
  32  4:35  Probe  
  25  4:46  Probe  
  26  4:53  Probe  
  26  4:56  Probe  
  28  5:04  Observer  
  29  5:07  Probe  
  29  5:09  Probe  
  31  5:18  Probe  
  31  5:20  Assimilator  
  32  5:21  Probe  
  33  5:28  Probe  
  33  5:31  Sentry  
  33  5:34  Probe  
  37  5:41  Observer  
  37  5:48  Probe x2  
  39  5:59  Probe  
  39  6:00  Probe  
  41  6:10  Probe  
  38  6:12  Probe  
  39  6:20  Probe  
  38  6:30  Stalker  
  38  6:31  Stalker  
  40  6:36  Probe  
  41  6:40  Photon Cannon, Probe  
  42  6:48  Probe  
  42  6:50  Probe  
  44  6:57  Immortal (Chrono Boost)  
  48  7:03  Probe  
  48  7:04  Probe  
  50  7:14  Probe  
  50  7:16  Probe  
  52  7:28  Probe  
  52  7:40  Probe  
  53  7:46  Pylon  
  52  7:52  Probe  
  53  7:58  Gateway  
  53  8:04  Robotics Facility, Probe  
  54  8:10  Pylon  
  54  8:11  Immortal (Chrono Boost)  
  58  8:16  Probe  
  59  8:27  Stalker x2  
  59  8:28  Stalker, Probe  
  59  8:30  Probe  
  63  8:40  Probe  
  62  8:52  Probe  
  62  8:53  Probe  
  72  9:02  Immortal (Chrono Boost)  
  72  9:03  Immortal (Chrono Boost)  
  72  9:05  Probe  
  73  9:10  Robotics Bay  
  73  9:17  Probe  
  74  9:26  Pylon  
  74  9:30  Probe  
  75  9:32  Stalker x3  
  75  9:35  Pylon  
  81  9:42  Probe  
  82  9:54  Probe  
  82  9:56  Stalker x3  
  82  9:57  Stalker  
  91  10:09  Colossus (Chrono Boost)  
  97  10:19  Pylon  
  97  10:23  Sentry  
  97  10:24  Sentry  
  101  10:38  Colossus (Chrono Boost)  
  107  10:50  Nexus  
  107  10:54  Probe  
  107  10:56  Extended Thermal Lance (Chrono Boost)  
  108  11:03  Pylon  
  108  11:06  Gateway  
  108  11:21  Colossus (Chrono Boost)  
  114  11:29  Stalker x2  
  118  11:36  Pylon  
  118  11:39  Pylon  
  118  11:41  Twilight Council  
  118  11:46  Pylon  
  118  12:00  Probe  
  119  12:07  Probe  
  119  12:13  Colossus (Chrono Boost), Assimilator, Probe  
  119  12:15  Colossus (Chrono Boost), Assimilator  
  121  12:18  Probe  
  134  12:28  Probe  
  134  12:34  Probe  
  136  12:38  Pylon  
  136  12:44  Protoss Ground Weapons Level 1 (Chrono Boost)  
  136  12:45  Probe  
  136  12:46  Probe  
  138  12:55  Probe  
  139  12:58  Colossus  
  139  13:00  Blink  
  139  13:05  Templar Archives  
  139  13:06  Probe  
  139  13:07  Colossus  
  152  13:15  Stalker x2  
  152  13:16  Probe  
  157  13:35  Sentry x2  
  157  13:37  Stalker  
  157  13:38  Stalker  
  165  13:47  Pylon  
  165  13:48  Pylon  
  165  13:50  Pylon  
  165  13:53  Robotics Facility  
  165  14:01  Forge  
  165  14:02  Forge  
  164  14:23  Stalker x2  
  164  14:24  Nexus  
  168  14:25  High Templar  
  168  14:26  High Templar x2  
  168  14:29  Archon  
  174  14:41  Observer Gravitic Boosters  
  174  14:44  Colossus  
  122  15:34  Stalker  
  122  15:35  Stalker x4  
  148  16:14  Robotics Facility  
  148  16:16  Robotics Facility  
  148  16:17  Gateway  
  138  16:21  Gateway  
  138  16:22  Gateway  
Show
View Real Time Build Order
Export as new Build Order

Nero Protoss 

Build Orders: Oracle Opening 

Get SALT Encoding   

  12  0:01  Probe (Chrono Boost)  
  13  0:17  Pylon  
  13  0:19  Probe (Chrono Boost)  
  15  0:38  Gateway  
  15  0:40  Probe (Chrono Boost)  
  15  0:50  Probe (Chrono Boost)  
  16  1:01  Probe (Chrono Boost)  
  17  1:04  Assimilator  
  17  1:05  Assimilator  
  17  1:12  Probe (Chrono Boost)  
  18  1:23  Probe (Chrono Boost)  
  19  1:26  Cybernetics Core  
  19  1:28  Zealot  
  21  1:37  Probe (Chrono Boost)  
  22  1:47  Probe (Chrono Boost)  
  23  2:07  Pylon  
  23  2:25  Probe (Chrono Boost)  
  23  2:28  Stargate  
  24  2:35  Probe (Chrono Boost)  
  25  2:46  Probe (Chrono Boost)  
  26  3:05  Zealot  
  28  3:08  Warp Gate  
  28  3:12  Oracle  
  30  3:26  Gateway  
  30  3:28  Gateway  
  30  3:33  Nexus  
  30  3:45  Pylon  
  31  3:48  Probe (Chrono Boost)  
  31  4:03  Probe (Chrono Boost), Assimilator  
  31  4:07  Zealot  
  34  4:17  Pylon  
  34  4:18  Pylon  
  31  4:47  Adept x3  
  31  4:50  Probe x2 (Chrono Boost)  
  39  4:56  Oracle  
  42  5:01  Probe x2 (Chrono Boost)  
  44  5:11  Probe (Chrono Boost)  
  44  5:12  Mothership Core (Chrono Boost)  
  44  5:14  Pylon  
  47  5:17  Forge  
  47  5:19  Sentry x2  
  51  5:28  Probe (Chrono Boost)  
  52  5:30  Probe (Chrono Boost)  
  52  5:32  Sentry  
  55  5:38  Probe (Chrono Boost)  
  55  5:41  Probe (Chrono Boost)  
  57  5:51  Twilight Council  
  57  5:52  Zealot  
  59  6:39  Probe x2 (Chrono Boost)  
  61  6:44  Blink  
  61  6:47  Gateway  
  61  6:49  Gateway  
  61  6:50  Gateway, Probe x2 (Chrono Boost)  
  63  6:55  Photon Cannon  
  63  6:56  Gateway  
  63  6:57  Photon Cannon  
  63  6:58  Stalker  
  63  6:59  Stalker x2  
  69  7:04  Oracle (Chrono Boost)  
  69  7:07  Probe  
  72  7:09  Probe  
  71  7:32  Stalker x3  
  71  7:34  Protoss Ground Weapons Level 1  
  77  7:40  Forge  
  77  7:57  Pylon  
  77  7:59  Pylon  
  77  8:00  Pylon  
  77  8:03  Pylon  
  77  8:13  Pylon  
  77  8:15  Stalker  
  77  8:16  Stalker x3  
  77  8:17  Pylon  
  85  8:20  Stalker  
  85  8:22  Sentry  
  86  8:49  Zealot x2  
  86  8:50  Zealot x5  
  100  9:13  Sentry x2  
  100  9:14  Sentry x3, Photon Cannon  
  110  9:18  Photon Cannon  
  110  9:21  Pylon  
  110  9:35  Charge (Chrono Boost)  
  110  9:37  Protoss Ground Weapons Level 2  
  110  9:40  Protoss Ground Armor Level 1  
  110  9:44  Zealot  
  112  10:03  Zealot x2  
  112  10:04  Zealot x2  
  112  10:05  Sentry x2  
  124  10:27  Nexus  
  124  10:38  Probe x2  
  126  10:44  Zealot x2  
  130  10:50  Probe x2  
  132  11:01  Robotics Facility  
  132  11:03  Probe  
  133  11:04  Robotics Facility  
  133  11:11  Probe  
  134  11:28  Pylon x2  
  134  11:30  Pylon  
  134  11:31  Pylon  
  134  11:34  Assimilator  
  134  11:38  Probe  
  135  11:40  Assimilator  
  135  11:42  Assimilator  
  135  11:54  Observer (Chrono Boost)  
  137  11:55  Protoss Ground Armor Level 2 (Chrono Boost)  
  137  11:56  Observer (Chrono Boost)  
  137  12:13  Immortal (Chrono Boost)  
  145  12:15  Probe  
  145  12:17  Immortal (Chrono Boost), Probe x2  
  148  12:29  Probe x2  
  149  12:30  Probe  
  151  12:40  Probe  
  151  12:41  Probe  
  151  12:42  Immortal (Chrono Boost)  
  151  12:43  Probe  
  154  12:44  Protoss Ground Weapons Level 3 (Chrono Boost)  
  154  12:46  Immortal (Chrono Boost)  
  162  13:16  Void Ray  
  162  13:19  Stalker  
  168  13:20  Stalker x6  
  180  13:29  Pylon  
  180  13:30  Pylon  
  180  13:42  Immortal x2  
  180  13:47  Dark Shrine  
  188  14:16  Warp Prism  
  190  14:25  Warp Prism  
  192  14:51  Nexus  
  192  14:53  Assimilator  
  192  14:55  Assimilator  
  119  15:16  Dark Templar  
  119  15:17  Dark Templar x6  
  75  15:28  Immortal  
  83  15:41  Archon x3  
  80  15:54  Dark Templar x4  
  80  15:55  Dark Templar  
Tags
 
Matchup
PvP
Replay Pack
rep
Add a new tag
Caveats
  • Supply blocks, unpowered buildings, or Contaminate may cause inaccurate times.
  • Supply counts are checked every 10 seconds.